AoeStats
← [CL] Al3jandr0.magn00

Arabia

507349308Analyzed
1v1 RM · 13d ago on Sep 17, 2026· 35m 11s· 2 players
Game mode
Random Map
Map size
Tiny (2 player)
Population
200
Speed
Normal
Resources
Standard
Victory
Conquest
Starting age
Dark Age
Ending age
Imperial Age
RankedLock teamsTeams togetherTeam positionsShared explorationLock speedFull tech treeHidden civsTurbo modeCheats
Victory
Defeat
🇷🇴 Khitans · Romania
1884
+17
🇦🇷 Vietnamese · Argentina
1897
-17
r0thmans
6:27 Loom
8:52 Feudal Age
9:28 Double-Bit Axe
10:15 Domestication
14:47 Forging
20:30 Castle Age
19:08 Fletching
19:41 Gold Mining
20:29 Padded Archer Armor
20:31 Heavy Cavalry Archer
21:07 Bodkin Arrow
21:45 Husbandry
23:56 Ballistics
25:52 Bow Saw
29:50 Wheelbarrow
36:19 Imperial Age
34:14 Leather Archer Armor
[CL] Al3jandr0.magn00
6:18 Loom
8:59 Feudal Age
9:02 Man-at-Arms
10:30 Town Watch
16:37 Double-Bit Axe
16:33 Horse Collar
22:33 Castle Age
21:07 Fletching
21:51 Gold Mining
23:41 Bodkin Arrow
24:42 Crossbowman
28:41 Bow Saw
Connection lost

Rejoining the realm…

Still unreachable

The connection could not be restored.

Session expired

The server has moved on; the page needs a fresh start.